 Dungeon Crawl Stone Soup version 0.26-a0-720-g2a1d101370 (webtiles) character file.

Game seed: 648226505745794559

34 marklar909 the Ruffian (level 3, 0/28 HPs)
             Began as a Draconian Transmuter on Nov 3, 2020.
             Killed from afar by an orc wizard (8 damage)
             ... with a magic dart
             ... on level 5 of the Dungeon.
             The game lasted 00:01:36 (1164 turns).

marklar909 the Ruffian (Draconian Transmuter)       Turns: 1164, Time: 00:01:37

Health: 0/28       AC:  5    Str: 13    XL:     3   Next: 14%
Magic:  6/6        EV: 12    Int: 13    God:
Gold:   72         SH:  0    Dex: 11    Spells: 5/6 levels left

rFire    . . .     SeeInvis .     - Unarmed
rCold    . . .     Faith    .   (no shield)
rNeg     . . .     Spirit   .   (armour unavailable)
rPois    .         Reflect  .   (helmet currently unavailable)
rElec    .         Harm     .   (no cloak)
rCorr    .         Rampage  .   (no gloves)
MR       .....                  (boots currently unavailable)
Stlth    +.........             (no amulet)
HPRegen  0.09/turn              (no ring)
MPRegen  0.10/turn              (no ring)

@: appendages (expiring)
A: unfitting armour, horns 2, talons 2, cold-blooded, AC +5
a: End Transformation


You were on level 5 of the Dungeon.
You had grown temporary horns.
You had grown temporary talons.
You visited 1 branch of the dungeon, and saw 4 of its levels.

You collected 72 gold pieces.

Inventory:

Missiles
 d - 7 javelins (quivered)
Jewellery
 e - an uncursed amulet of guardian spirit {unknown}
Scrolls
 a - a scroll of amnesia {unknown}
 g - a scroll of identify {unknown}
 h - a scroll of immolation {unknown}
Potions
 b - a potion of heal wounds {unknown}
 c - a potion of invisibility {unknown}
 f - a potion of brilliance {unknown}


   Skills:
 + Level 1.1 Fighting
 + Level 2.0 Dodging
 + Level 0.7 Stealth
 + Level 3.4 Unarmed Combat
 + Level 2.3 Spellcasting
 + Level 2.2 Transmutations


You had 5 spell levels left.
You knew the following spells:

 Your Spells              Type           Power        Failure   Level
a - Beastly Appendage     Tmut           #.....       10%         1

Your spell library contained the following spells:

 Spells                   Type           Power        Failure   Level
 Wereblood                Tmut           #.......     14%         2
 Spider Form              Tmut/Pois      #.........   43%         3
 Ice Form                 Ice/Tmut       #.......     83%         4
 Blade Hands              Tmut           #.........   95%         5


Dungeon Overview and Level Annotations

Branches:
Dungeon (5/15)
 Temple: D:4-7

Altars:

Annotations:
D:4 Ijyb


Innate Abilities, Weirdness & Mutations

Your plain brown scales are hard. (AC +5)
You cannot fit into any form of body armour.
You are cold-blooded and may be slowed by cold attacks.
You have a pair of horns on your head.
You have razor-sharp toenails.


Message History

The orc wizard is severely wounded.
The orc wizard hits you but does no damage.
The orc wizard points at you and mumbles some strange words.
The puff of frost hits you.
Unknown command.
You hit the orc wizard but do no damage.
The orc wizard is severely wounded.
The orc wizard hits you with a +0 dagger.
The orc wizard hits you but does no damage.
The orc wizard barely misses you.
Unknown command.
You barely miss the orc wizard. Your headbutt misses the orc wizard.
Your tail-slap misses the orc wizard.
The orc wizard is severely wounded.
The orc wizard hits you with a +0 dagger.
* * * LOW HITPOINT WARNING * * *
Something hits you but does no damage. The orc wizard casts a spell at you.
The magic dart hits you!
You die...

###.# ...### ####......
...#.. ..... ...# ..#.#
#..#.##..# ..#.#
#..#..#..# #.#.#
#..##.#..# # #.#.#
.....#..###
#.#.#.#####.##.#.....
#..o@..†....#....####
#......oo........#.#.....
#...############.#.#.####
##. #.#.#.# #.#.#.#
#.....# ###.### ..#


You could see 2 orc wizards and an orc.

Vanquished Creatures
  An adder (D:5)
  2 leopard geckos
  A bat (D:2)
  3 giant cockroaches
  4 goblins (D:1)
  3 hobgoblins
  A quokka (D:5)
  2 frilled lizards (D:1)
  2 kobolds (D:1)
  A leopard gecko zombie (D:5)
  A rat (D:1)
21 creatures vanquished.

Notes
Turn   | Place    | Note
-------+----------+-------------------------------------------
     0 | D:1      | marklar909 the Draconian Transmuter began the quest for the
                  | Orb.
     0 | D:1      | Reached XP level 1. HP: 16/16 MP: 3/3
   411 | D:1      | Reached XP level 2. HP: 19/23 MP: 3/5
   865 | D:2      | You fall into a shaft and drop 2 floors!
   888 | D:4      | Noticed Ijyb
   969 | D:5      | Entered Level 5 of the Dungeon
   973 | D:5      | Reached XP level 3. HP: 15/28 MP: 4/6
  1164 | D:5      | Killed from afar by an orc wizard

Illustrated notes

Levels and vault maps discovered:
D:1:      arrival_zaba_pyramid, layout_rooms, minmay_misc_feat_nine_boxes
D:2:      layout_loops_ring, okawaru_gym_becter, uniq_crazy_yiuf_cottage
D:4:      layout_loops_corners, temple_fountains, lexackson_kobold_supper,
          uniq_ijyb
D:5:      layout_basic, gammafunk_temple_overflow_elements, minmay_misc_feat_chi

Skill      XL: |  1  2 |
---------------+-------+-----
Dodging        | 2 |  2.0
Fighting       | |  1.1
Stealth        | |  0.7
Unarmed Combat | |  3.4
Spellcasting   | |  2.3
Transmutations | |  2.2

Action                   || total
-------------------------++-------
Melee: Unarmed           ||    53
       Kick              ||     9
       Headbutt          ||     5
       Tailslap          ||     2
 Cast: Beastly Appendage ||    17
Armor: Skin              ||    17
Dodge: Dodged            ||    37

Table legend: (Time is in decaauts)
 A = Elapsed time spent in this place.
 B = Non-inter-level travel time spent in this place.
 C = Inter-level travel time spent in this place.
 D = Time resting spent in this place.
 E = Time spent auto-exploring this place.
 F = Levels seen in this place.
 G = Mean time per level.
                   A        B        C        D        E       F      G
               +--------+--------+--------+--------+--------+-----+--------+
         Total |   1160 |   1118 |     42 |     15 |    888 |   4 |  290.0 |
       Dungeon |   1160 |   1118 |     42 |     15 |    888 |   4 |  290.0 |
               +--------+--------+--------+--------+--------+-----+--------+

Top non-repeatable levels by time:
     D:1: 676 daAuts
     D:5: 194 daAuts
     D:2: 186 daAuts
     D:4: 103 daAuts
